 Dungeon Crawl Stone Soup version 0.21-a0-529-g8c7b3f5 (webtiles) character file.

56 rabbitfr the Cutter (level 3, -2/19 HPs)
             Began as a Vine Stalker Berserker on Dec 10, 2017.
             Was a Follower of Trog.
             Slain by a phantom (6 damage)
             ... on level 3 of the Dungeon.
             The game lasted 00:05:51 (1977 turns).

rabbitfr the Cutter (Vine Stalker Berserker)        Turns: 1977, Time: 00:05:52

Health: -2/19      AC:  3    Str: 19    XL:     3   Next: 97%
Magic:  0/4        EV: 12    Int:  7    God:    Trog [*.....]
Gold:   89         SH:  3    Dex: 14    Spells: 2/2 levels left

rFire    . . .     SeeInvis .   a - +1 short sword
rCold    . . .     Gourm    .   (no shield)
rNeg     . . .     Faith    .   b - +0 animal skin
rPois    .         Spirit   +   (no helmet)
rElec    .         Reflect  +   (no cloak)
rCorr    .         Harm     .   j - +0 pair of gloves
MR       .....                  (no boots)
Stlth    +.........             h - +3 amulet of reflection
HPRegen  0.06/turn              (no ring)
MPRegen  0.09/turn              (no ring)

@: no status effects
A: fangs 2, magic shield, antimagic bite, no potion heal 3, rot immunity
a: Berserk, Burn Spellbooks, Renounce Religion


You were on level 3 of the Dungeon.
You worshipped Trog.
Trog was aware of your devotion.
You were not hungry.

You visited 1 branch of the dungeon, and saw 3 of its levels.

You collected 89 gold pieces.

Inventory:

Hand Weapons
 a - a +1 short sword (weapon)
Armour
 b - a +0 animal skin (worn)
 j - a +0 pair of gloves (worn)
Jewellery
 h - a +3 amulet of reflection (around neck)
Scrolls
 d - a scroll of amnesia {unknown}
 e - 3 scrolls of remove curse
 g - a scroll of blinking {unknown}
 k - a scroll of enchant weapon
 m - a scroll of enchant armour {unknown}
 n - a scroll of noise {unknown}
 o - a scroll of immolation {unknown}
Potions
 f - 2 potions of curing {unknown}
 l - a potion of agility {unknown}
Comestibles
 c - a bread ration
 i - 2 meat rations
 p - a chunk of flesh


   Skills:
 - Level 2.6 Fighting
 + Level 4.3 Short Blades
 - Level 1.5 Armour
 - Level 1.5 Dodging


You had 2 spell levels left.
You didn't know any spells.

Dungeon Overview and Level Annotations

Branches:
Dungeon (3/15)

Altars:


Innate Abilities, Weirdness & Mutations

You have extremely sharp teeth.
When hurt, damage is shared between your health and your magic reserves.
Your bite disrupts and absorbs the magic of your enemies.
Potions cannot restore your health.
You are immune to rotting.


Message History

You barely miss the phantom.
The phantom is heavily damaged.
The phantom barely misses you.
You barely miss the phantom.
The phantom is heavily damaged.
The phantom hits you.
The phantom blinks!
You puncture the phantom! You bite the phantom, but do no damage.
The phantom is almost destroyed.
The phantom hits you.
* * * LOW HITPOINT WARNING * * *
The phantom blinks!
The phantom blinks!
You hit the phantom. Your bite misses the phantom.
The phantom is almost destroyed.
The phantom hits you.
* * * LOW HITPOINT WARNING * * *
You hit the phantom but do no damage. Your bite misses the phantom.
The phantom is almost destroyed.
The phantom hits you!
You die...

#.# #.# ####.########
#.# #.รท....<....#
#.# #.######.##.# #.#
#.# #.##.# #.# # #.#
#.##.# #.#
#.##.######.##.####.#
#.#..............##)#
#....@W...##.###.##.#
###..####....# #....#
#..# ####.###.####
#..# #.....# #..#
###.###
#..#########.#
#............#
..############ ##


You could see a phantom.

Vanquished Creatures
  A shadow imp (D:2)
  2 oozes
  3 dart slugs
  An orc (D:3)
  5 bats
  A giant cockroach (D:1)
  5 goblins
  4 hobgoblins
  2 kobolds (D:2)
  A frilled lizard (D:1)
  7 rats
32 creatures vanquished.

Notes
Turn   | Place    | Note
-------+----------+-------------------------------------------
     0 | D:1      | rabbitfr the Vine Stalker Berserker began the quest for the Orb.
     0 | D:1      | Reached XP level 1. HP: 11/11 MP: 2/2
    88 | D:1      | Reached skill level 3 in Short Blades
    95 | D:1      | Reached XP level 2. HP: 5/16 MP: 1/3
   699 | D:1      | Reached XP level 3. HP: 13/19 MP: 4/4
  1335 | D:2      | Reached skill level 4 in Short Blades
  1949 | D:3      | Noticed a phantom
  1977 | D:3      | Slain by a phantom

Vault maps used:
D:1:      evilmike_arrival_rings, minmay_tall_x
D:3:      okawaru_altar_gauntlet_db, uniq_sigmund

Skill      XL: |  1  2  3 |
---------------+----------+-----
Short Blades   | 3 4 |  4.3
Fighting       | |  2.6
Armour         | |  1.5
Dodging        | |  1.5

Action                   || total
-------------------------++-------
Melee: Short sword       ||   118
       Bite              ||    27
  Use: Scroll            ||     2
  Eat: Chunk             ||     3
Armor: Animal skin       ||    28
Dodge: Dodged            ||    77
Block: Other             ||     1

Table legend:
 A = Spawn XP
 B = Non-spawn XP
 C = Spawn XP percentage of total XP
 D = Spawn monster count
 E = Non-spawn monster count
 F = Spawn count percentage of total count
 G = Total turns spent on level
                    A         B        C        D         E        F      G
               +---------+---------+-------+---------+---------+-------+---------
         Total |       0 |      81 |   0.0 |       0 |      32 |   0.0 |  1977
               +---------+---------+-------+---------+---------+-------+---------
           D:1 |       0 |      40 |   0.0 |       0 |      19 |   0.0 |  1148
           D:2 |       0 |      36 |   0.0 |       0 |      11 |   0.0 |   738
           D:3 |       0 |       5 |   0.0 |       0 |       2 |   0.0 |    91
               +---------+---------+-------+---------+---------+-------+---------
